Map: Blackpink LE

Players

sLivko

  • Race: Zerg Zerg
  • League: Grandmaster
  • Spawn Location: 1:00

Majestuoso (MajeStic) - Winner!

  • Race: Protoss Protoss
  • Spawn Location: 7:00

Event: WESG Barcelona European Finals 2017

VOD

Have the link to the VOD?

Description

Time

  • Played on: Nov. 24, 2017, 8:04 a.m.
  • Length: 19:52

All games in this series

Show
View Real Time Build Order
Export as new Build Order

sLivko Zerg 

Build Orders: Hatch First, Lurkers 

Get SALT Encoding   

  12  0:01  Drone  
  13  0:12  Overlord  
  13  0:17  Drone  
  14  0:30  Drone x2  
  14  0:34  Drone  
  17  0:52  Hatchery  
  17  0:55  Drone  
  17  0:58  Drone  
  18  1:10  Extractor  
  17  1:13  Spawning Pool  
  17  1:15  Drone  
  17  1:19  Drone  
  18  1:27  Drone  
  19  1:40  Overlord  
  19  1:49  Drone  
  20  1:59  Queen  
  20  2:00  Drone  
  23  2:04  Zergling x2, Queen  
  26  2:11  Drone  
  27  2:16  Drone, Roach Warren  
  27  2:21  Drone  
  28  2:28  Drone  
  29  2:33  Overlord  
  28  2:44  Burrow  
  28  2:48  Drone  
  29  2:52  Evolution Chamber  
  29  2:56  Roach x2  
  29  2:57  Roach  
  34  2:59  Roach  
  36  3:07  Roach  
  36  3:10  Drone x3  
  36  3:12  Zergling x2  
  42  3:15  Drone  
  42  3:16  Drone  
  44  3:22  Overlord  
  44  3:32  Overlord  
  44  3:43  Drone, Hatchery  
  44  3:45  Drone  
  44  3:47  Drone  
  46  3:50  Drone  
  46  3:53  Drone x2  
  49  3:56  Drone  
  49  4:02  Drone x2  
  52  4:03  Drone  
  52  4:04  Drone  
  52  4:07  Drone  
  55  4:15  Overlord  
  55  4:16  Drone  
  55  4:17  Drone, Roach x4  
  57  4:18  Drone  
  59  4:24  Drone  
  59  4:25  Drone  
  59  4:29  Roach x4  
  60  4:33  Lair  
  60  4:34  Queen, Drone, Extractor x2  
  60  4:36  Drone  
  62  4:43  Drone  
  63  4:46  Drone  
  62  4:53  Drone  
  62  4:57  Queen  
  62  4:58  Drone x2  
  65  5:02  Roach  
  65  5:03  Roach x3  
  65  5:04  Roach x2  
  65  5:06  Drone  
  72  5:10  Queen  
  71  5:18  Roach  
  71  5:19  Roach  
  74  5:23  Overlord  
  74  5:25  Roach  
  74  5:28  Overlord  
  74  5:32  Metabolic Boost  
  74  5:33  Overlord  
  73  5:42  Overlord  
  71  5:45  Roach  
  71  5:46  Glial Reconstitution  
  71  5:47  Roach  
  75  5:51  Roach  
  75  5:55  Roach x2  
  81  6:01  Extractor  
  81  6:02  Overseer  
  80  6:06  Drone x7  
  80  6:10  Drone x2  
  89  6:12  Drone  
  89  6:13  Drone  
  89  6:15  Drone  
  89  6:16  Drone  
  93  6:19  Drone  
  93  6:21  Drone x2  
  93  6:23  Drone  
  96  6:29  Overlord  
  96  6:31  Overlord  
  93  6:37  Drone x2  
  93  6:39  Drone  
  93  6:47  Drone  
  91  6:52  Drone  
  91  6:54  Drone  
  91  6:56  Drone  
  91  6:58  Drone  
  92  7:02  Drone x2  
  92  7:04  Drone  
  92  7:06  Drone  
  91  7:09  Drone  
  91  7:11  Drone x2  
  91  7:12  Extractor  
  91  7:13  Drone  
  94  7:16  Zerg Missile Weapons Level 1  
  94  7:20  Drone x2  
  96  7:27  Drone  
  96  7:28  Hydralisk Den, Evolution Chamber  
  96  7:29  Drone, Extractor  
  95  7:31  Drone x2  
  97  7:37  Drone x2  
  97  7:38  Drone  
  97  7:40  Drone  
  97  7:41  Drone x2  
  97  7:42  Drone  
  97  7:44  Drone  
  105  7:45  Drone  
  106  7:52  Overlord x2  
  106  7:54  Overlord  
  106  7:58  Zerg Ground Armor Level 1  
  106  8:02  Lurker Den  
  105  8:06  Overlord  
  105  8:09  Muscular Augments  
  106  8:12  Zergling x2  
  106  8:13  Hydralisk, Zergling x4  
  106  8:16  Hydralisk  
  112  8:21  Baneling Nest  
  112  8:26  Drone x2  
  112  8:27  Drone  
  111  8:30  Drone x6  
  114  8:37  Drone  
  114  8:38  Hydralisk x2, Drone x3  
  122  8:45  Hydralisk x2  
  126  8:49  Overlord  
  126  8:52  Hydralisk  
  128  8:56  Baneling Nest  
  128  8:58  Hydralisk x2  
  128  9:00  Ravager x3  
  128  9:01  Ravager x4  
  128  9:02  Overlord  
  134  9:11  Hydralisk x2  
  134  9:14  Hydralisk x2  
  134  9:16  Roach  
  139  9:18  Overlord  
  139  9:21  Hydralisk  
  139  9:23  Zergling x2  
  142  9:29  Hydralisk x2  
  146  9:33  Lurker x4  
  150  9:40  Extractor  
  150  9:42  Drone x3  
  150  9:43  Drone x2  
  154  9:46  Hydralisk x3  
  154  9:48  Hydralisk  
  155  9:55  Drone x4  
  159  10:06  Roach  
  159  10:09  Hydralisk  
  161  10:15  Overlord  
  161  10:17  Overlord  
  161  10:20  Zerg Missile Weapons Level 2  
  161  10:21  Hatchery  
  160  10:26  Zerg Ground Armor Level 2  
  160  10:29  Overlord  
  160  10:33  Hydralisk  
  160  10:34  Infestation Pit  
  159  10:37  Hydralisk x2  
  159  10:39  Hydralisk  
  165  10:42  Hydralisk  
  165  10:46  Hydralisk  
  165  10:48  Zergling x2, Overlord  
  165  10:49  Zergling x2  
  171  10:52  Zergling x2  
  171  10:53  Zergling x2, Evolution Chamber  
  171  10:56  Zergling x2, Spore Crawler  
  172  11:01  Baneling x2  
  172  11:09  Lurker x2  
  172  11:10  Lurker  
  164  11:27  Drone x3  
  164  11:28  Drone x3  
  170  11:38  Drone x4, Lurker x3  
  170  11:39  Queen, Drone x11, Extractor  
  189  11:40  Extractor  
  189  11:41  Spine Crawler  
  189  11:44  Hive  
  187  11:48  Lurker  
  187  11:50  Zergling x4  
  187  11:51  Zergling x4  
  192  11:56  Zergling x4, Spine Crawler  
  193  12:04  Zergling x4  
  193  12:07  Overlord  
  195  12:09  Spore Crawler  
  195  12:11  Zergling x4  
  191  12:16  Hydralisk x2  
  191  12:17  Hydralisk x4  
  191  12:20  Zergling x4, Lurker  
  191  12:21  Overlord, Lurker x2  
  192  12:26  Zergling x16, Baneling  
  192  12:27  Baneling  
  200  12:31  Overlord  
  200  12:33  Evolution Chamber  
  199  12:37  Baneling  
  199  12:38  Baneling x8  
  194  12:52  Overlord  
  192  12:59  Viper x2  
  192  13:01  Overlord  
  192  13:03  Centrifical Hooks  
  192  13:05  Zerg Melee Weapons Level 1, Zerg Missile Weapons Level 3  
  198  13:15  Drone x2  
  198  13:18  Overseer  
  200  13:28  Spire  
  200  13:29  Spire  
  200  13:30  Spine Crawler  
  158  14:05  Hatchery  
  157  14:12  Pneumatized Carapace  
  155  14:18  Pathogen Glands  
  155  14:21  Zergling x28  
  155  14:22  Zergling x26  
  182  14:25  Spine Crawler  
  181  14:41  Greater Spire, Zerg Flyer Weapons Level 1  
  143  15:02  Drone x3  
  126  15:09  Hydralisk  
  126  15:10  Zergling x2  
  126  15:11  Zergling x20  
  134  15:18  Extractor  
  134  15:20  Drone x3  
  136  15:22  Drone  
  136  15:24  Drone  
  136  15:26  Drone  
  136  15:28  Drone x2  
  138  15:43  Corruptor x3, Zerg Ground Armor Level 3  
  141  15:53  Baneling x4, Corruptor  
  142  16:07  Corruptor x2  
  146  16:12  Queen  
  146  16:16  Brood Lord x2  
  146  16:17  Brood Lord  
  146  16:18  Drone  
  157  16:26  Brood Lord  
  157  16:39  Brood Lord x2  
  161  16:45  Spine Crawler  
  161  16:46  Spine Crawler  
  159  16:48  Spore Crawler  
  159  16:52  Zerg Flyer Weapons Level 2  
  159  16:53  Zerg Flyer Armor Level 1  
  158  17:13  Overlord  
  154  17:24  Drone x4, Corruptor  
  154  17:25  Corruptor x4  
  154  17:26  Spore Crawler  
  154  17:27  Spore Crawler  
  164  17:37  Corruptor x2  
  167  17:50  Drone x4  
  167  17:51  Drone x4  
  172  17:52  Drone x3, Overlord  
  178  18:00  Drone x3  
  181  18:11  Infestor  
  181  18:12  Infestor x4  
  191  18:24  Overlord  
  191  18:33  Overlord  
  191  18:34  Overlord  
  172  18:35  Corruptor x2  
  172  18:37  Overlord  
  170  18:47  Overlord  
  164  18:52  Infestor x4  
  149  19:10  Infestor  
  149  19:11  Infestor x6  
  163  19:19  Hatchery  
Show
View Real Time Build Order
Export as new Build Order

Majestuoso Protoss - Winner!

Build Orders: 1 Gate Expand, Carriers 

Get SALT Encoding   

  12  0:00  Probe  
  13  0:12  Probe  
  14  0:18  Pylon  
  14  0:25  Probe (Chrono Boost)  
  15  0:37  Probe (Chrono Boost)  
  15  0:39  Gateway  
  16  0:46  Probe (Chrono Boost)  
  16  0:47  Assimilator  
  17  0:51  Probe  
  18  1:03  Probe (Chrono Boost)  
  20  1:14  Probe (Chrono Boost)  
  20  1:26  Nexus  
  20  1:35  Cybernetics Core  
  20  1:36  Probe  
  21  1:40  Assimilator  
  21  1:48  Probe  
  21  1:51  Pylon  
  22  2:00  Probe  
  23  2:11  Adept (Chrono Boost)  
  23  2:12  Probe, Warp Gate  
  26  2:17  Twilight Council  
  26  2:23  Pylon  
  26  2:26  Probe  
  27  2:36  Adept  
  29  2:39  Probe (Chrono Boost)  
  29  2:43  Probe (Chrono Boost)  
  32  2:55  Probe (Chrono Boost)  
  33  2:59  Probe (Chrono Boost)  
  33  3:00  Robotics Facility  
  33  3:03  Probe  
  34  3:11  Gateway  
  34  3:12  Resonating Glaives (Chrono Boost)  
  34  3:15  Probe  
  34  3:19  Gateway  
  35  3:20  Shield Battery  
  35  3:24  Probe, Shield Battery  
  36  3:29  Adept  
  36  3:31  Probe  
  39  3:36  Probe (Chrono Boost)  
  40  3:45  Shield Battery  
  40  3:48  Probe (Chrono Boost)  
  42  3:53  Probe (Chrono Boost), Robotics Facility  
  42  3:55  Probe x2 (Chrono Boost)  
  44  4:01  Pylon  
  44  4:07  Pylon  
  45  4:10  Probe  
  45  4:16  Stalker x2  
  49  4:19  Stalker  
  49  4:22  Probe x2  
  50  4:34  Probe  
  50  4:35  Probe  
  50  4:36  Pylon  
  52  4:40  Observer (Chrono Boost)  
  52  4:42  Adept x3  
  59  4:48  Assimilator  
  59  4:53  Warp Prism  
  59  4:56  Probe  
  62  5:05  Adept  
  62  5:06  Adept x2  
  68  5:12  Probe  
  65  5:16  Blink  
  65  5:18  Probe  
  64  5:29  Immortal (Chrono Boost)  
  66  5:40  Adept x3  
  70  5:49  Probe  
  69  5:51  Assimilator  
  69  5:53  Forge  
  69  5:56  Probe  
  70  5:59  Pylon  
  70  6:00  Pylon  
  70  6:01  Probe  
  70  6:02  Pylon, Immortal (Chrono Boost)  
  75  6:11  Pylon  
  75  6:19  Nexus  
  75  6:22  Pylon  
  75  6:29  Immortal  
  75  6:36  Probe x2  
  77  6:43  Adept x3  
  79  6:59  Protoss Ground Weapons Level 1 (Chrono Boost)  
  79  7:07  Immortal (Chrono Boost)  
  69  7:09  Sentry x3  
  69  7:11  Shield Battery  
  69  7:12  Shield Battery  
  69  7:13  Gateway  
  69  7:15  Gateway  
  79  7:17  Pylon  
  79  7:27  Shield Battery  
  79  7:29  Shield Battery  
  79  7:30  Gateway  
  79  7:35  Probe x3  
  82  7:39  Gateway  
  82  7:46  Sentry x2  
  82  7:47  Probe x2, Sentry  
  82  7:49  Probe  
  82  7:51  Observer  
  92  7:56  Gateway  
  92  7:59  Probe x2  
  94  8:09  Immortal, Adept x2  
  94  8:10  Adept x2  
  106  8:23  Protoss Ground Weapons Level 2 (Chrono Boost)  
  102  8:29  Stalker x2  
  102  8:30  Stalker  
  102  8:31  Sentry  
  106  8:36  Probe x2  
  106  8:37  Probe  
  109  8:42  Assimilator  
  109  8:44  Assimilator  
  109  8:48  Probe x2  
  111  8:49  Probe  
  111  8:52  Photon Cannon  
  111  8:53  Pylon  
  112  8:57  Stalker  
  112  8:58  Stalker x2  
  112  9:00  Probe, Stalker  
  121  9:12  Robotics Bay  
  121  9:14  Stalker x3  
  121  9:15  Probe  
  124  9:20  Charge  
  124  9:34  Nexus  
  124  9:36  Pylon  
  124  9:37  Adept  
  124  9:38  Adept x2  
  130  9:40  Adept  
  130  9:44  Observer  
  133  9:58  Robotics Facility  
  131  10:05  Photon Cannon x2  
  131  10:06  Colossus (Chrono Boost)  
  131  10:07  Shield Battery  
  131  10:09  Shield Battery  
  131  10:10  Pylon  
  131  10:11  Stalker  
  139  10:16  Stalker  
  139  10:20  Protoss Ground Weapons Level 3 (Chrono Boost)  
  141  10:26  Photon Cannon  
  141  10:27  Photon Cannon  
  141  10:28  Probe x2  
  143  10:33  Assimilator  
  143  10:35  Photon Cannon  
  143  10:37  Assimilator  
  143  10:45  Adept x3  
  149  10:53  Colossus (Chrono Boost), Adept x3  
  161  11:19  Colossus (Chrono Boost)  
  161  11:26  Extended Thermal Lance (Chrono Boost)  
  161  11:27  Probe x2  
  161  11:28  Probe  
  156  11:35  Templar Archives  
  154  11:45  Pylon  
  154  11:46  Pylon  
  160  11:48  Photon Cannon, Pylon  
  160  11:49  Photon Cannon, Shield Battery  
  160  11:50  Pylon, Colossus (Chrono Boost)  
  160  11:51  Stalker  
  160  11:52  Stalker  
  164  12:02  Psionic Storm, Stargate  
  164  12:04  Colossus (Chrono Boost)  
  168  12:24  High Templar  
  168  12:25  High Templar  
  168  12:28  Protoss Ground Armor Level 1 (Chrono Boost)  
  178  12:31  High Templar  
  178  12:32  Colossus (Chrono Boost)  
  180  12:40  Pylon  
  180  12:41  Pylon  
  180  12:43  Pylon  
  180  12:59  Fleet Beacon  
  180  13:01  Stargate  
  180  13:04  Stargate  
  180  13:06  High Templar x2  
  180  13:07  Warp Prism  
  186  13:20  Nexus  
  186  13:22  Pylon  
  186  13:27  High Templar x2  
  186  13:32  Zealot x4  
  198  13:40  Zealot x2  
  179  14:00  Photon Cannon  
  179  14:02  Photon Cannon, Graviton Catapult (Chrono Boost)  
  171  14:04  Photon Cannon  
  171  14:05  Mothership (Chrono Boost)  
  171  14:06  Shield Battery  
  171  14:08  Shield Battery, Protoss Air Weapons Level 1  
  179  14:12  Oracle, Assimilator  
  179  14:13  Oracle  
  179  14:15  Assimilator  
  179  14:16  Zealot x3  
  179  14:17  Zealot x2  
  195  14:26  Protoss Shields Level 1 (Chrono Boost)  
  191  14:53  Oracle (Chrono Boost), Carrier (Chrono Boost)  
  198  15:06  Carrier (Chrono Boost)  
  194  15:21  Carrier (Chrono Boost)  
  194  15:26  Shield Battery, Pylon  
  194  15:29  Pylon  
  194  15:35  High Templar  
  196  15:46  Observer  
  185  16:10  Stargate  
  185  16:12  Carrier (Chrono Boost)  
  185  16:14  Stargate  
  185  16:21  Zealot x3  
  185  16:22  Zealot  
  185  16:24  Carrier (Chrono Boost)  
  199  16:25  Protoss Shields Level 2  
  199  16:26  Nexus  
  199  16:27  Pylon  
  199  16:32  Pylon  
  199  16:35  Protoss Air Weapons Level 2 (Chrono Boost)  
  199  16:46  Pylon  
  199  16:47  Pylon  
  199  17:09  Shield Battery  
  199  17:10  Shield Battery  
  199  17:12  Shield Battery  
  199  17:14  Shield Battery  
  197  17:16  Shield Battery  
  197  17:17  Assimilator  
  197  17:19  Shield Battery  
  197  17:20  Shield Battery  
  197  17:21  Shield Battery, Assimilator  
  197  17:22  Photon Cannon  
  185  17:23  Photon Cannon  
  185  17:24  Photon Cannon, Shield Battery x2  
  185  17:26  Shield Battery  
  185  17:28  Shield Battery, Carrier  
  185  17:29  Carrier  
  197  17:31  Shield Battery  
  197  17:33  Shield Battery  
  197  17:36  Carrier  
  197  17:46  Shield Battery  
  197  17:49  Pylon  
  197  18:18  Cybernetics Core  
  195  19:11  Zealot x2  
  179  19:31  Archon  
  179  19:37  Stalker  
  179  19:38  Stalker x5  
  179  19:39  Stalker x2  
Tags
 
Add a new tag
Caveats
  • Supply blocks, unpowered buildings, or Contaminate may cause inaccurate times.
  • Supply counts are checked every 10 seconds.